AoeStats
← alejobr0790

Arena

510429729Analyzed
3v3 RM · 23h ago on Oct 1, 2026· 51m 53s· 6 players
Game mode
Random Map
Map size
Normal (6 player)
Population
200
Speed
Normal
Resources
Standard
Victory
Conquest
Starting age
Dark Age
Ending age
Imperial Age
RankedLock teamsTeams togetherTeam positionsShared explorationLock speedFull tech treeHidden civsTurbo modeCheats
Victory
Defeat
🇨🇴 Turks · Colombia
1055
+15
🇨🇴 Khmer · Colombia
1004
+17
🇨🇴 Magyars · Colombia
953
+19
🇺🇸 Koreans · United States
1031
-17
🇲🇽 Teutons · Mexico
1023
-17
🇨🇱 Chinese · Chile
1021
-17
alejobr0790
12:15 Feudal Age
16:51 Castle Age
15:11 Double-Bit Axe
15:49 Horse Collar
16:09 Gold Mining
25:37 Imperial Age
23:37 Heavy Plow
27:25 Padded Archer Armor
31:57 Leather Archer Armor
39:29 Heavy Camel Rider
44:12 Wheelbarrow
44:39 Scale Barding Armor
44:34 Scale Mail Armor
45:07 Ring Archer Armor
44:27 Fletching
44:48 Forging
48:01 Chain Barding Armor
49:04 Chain Mail Armor
Alkimista666
2:32 Loom
11:08 Feudal Age
16:00 Castle Age
19:43 Horse Collar
23:33 Husbandry
27:15 Murder Holes
29:37 Wheelbarrow
28:48 Town Watch
29:33 Corvinian Army
29:58 Ballistics
34:44 Imperial Age
34:11 Double-Bit Axe
34:30 Heavy Plow
34:55 Scale Mail Armor
35:06 Scale Barding Armor
34:49 Treadmill Crane
36:43 Town Patrol
39:08 Recurve Bow
39:29 Conscription
38:39 Sappers
39:16 Padded Archer Armor
39:32 Chain Mail Armor
39:37 Chain Barding Armor
39:39 Hand Cart
38:54 Elite Magyar Huszar
41:57 Cavalier
43:46 Hoardings
46:22 Plate Barding Armor
46:03 Leather Archer Armor
45:39 Fletching
46:56 Chemistry
45:47 Heated Shot
46:08 Masonry
46:03 Siege Engineers
47:34 Paladin
JoseAli
11:00 Feudal Age
14:20 Castle Age
25:45 Loom
27:44 Double-Bit Axe
30:52 Horse Collar
32:04 Gold Mining
33:22 Wheelbarrow
35:07 Bow Saw
35:15 Forging
34:57 Fletching
35:07 Padded Archer Armor
35:16 Town Watch
36:44 Heavy Plow
36:27 Elite Skirmisher
37:21 Fortified Wall
40:33 Imperial Age
38:58 Ballistics
38:41 Bodkin Arrow
40:04 Hand Cart
41:20 Leather Archer Armor
41:12 Scale Barding Armor
41:17 Forging
42:26 Chemistry
41:20 Stone Mining
41:02 Crossbowman
41:35 Light Cavalry
42:16 Husbandry
42:26 Bloodlines
43:06 Bracer
43:37 Ring Archer Armor
43:29 Chain Barding Armor
44:12 Arbalester
45:13 Pikeman
46:43 Arson
47:14 Hussar
48:16 Halberdier
49:16 Scale Mail Armor
AoeAuthority.com
11:56 Feudal Age
13:48 Loom
17:05 Castle Age
26:19 Scale Mail Armor
27:11 Double-Bit Axe
31:06 Fletching
31:07 Elite Skirmisher
36:49 Imperial Age
36:31 Ballistics
36:18 Bodkin Arrow
Tersicox
6:34 Loom
9:53 Feudal Age
11:27 Fletching
11:40 Double-Bit Axe
24:43 Castle Age
23:27 Horse Collar
25:34 Bow Saw
27:58 Stone Mining
31:38 Guard Tower
32:37 Bodkin Arrow
33:16 Gold Mining
35:14 Wheelbarrow
39:03 Imperial Age
37:08 Heavy Plow
37:37 Ballistics
37:52 Bloodlines
37:51 Scale Barding Armor
39:17 Hand Cart
40:12 Chain Barding Armor
40:42 Coinage
41:18 Two-Man Saw
41:18 Conscription
43:01 Town Watch
43:50 Crop Rotation
43:59 Plate Barding Armor
43:15 Cavalier
44:52 Forging
45:37 Onager
47:27 Chemistry
47:05 Iron Casting
49:28 Blast Furnace
51:05 Paladin
pegador
0:25 Loom
12:28 Feudal Age
14:07 Wheelbarrow
14:02 Horse Collar
16:40 Castle Age
15:24 Double-Bit Axe
17:43 Hand Cart
17:30 Heavy Plow
17:40 Bow Saw
24:59 Town Watch
25:40 Stone Mining
26:39 Fletching
28:07 Guard Tower
30:51 Gold Mining
31:36 Stone Shaft Mining
32:04 Bodkin Arrow
32:09 Padded Archer Armor
33:10 Ballistics
36:04 Imperial Age
35:13 Leather Archer Armor
35:10 Forging
35:00 Scale Mail Armor
35:13 Masonry
35:13 Fortified Wall
37:36 Cavalier
37:38 Light Cavalry
38:12 Heavy Rocket Cart
39:22 Bloodlines
39:12 Husbandry
40:04 Keep
40:39 Chemistry
40:09 Elite Chu Ko Nu
40:49 Great Wall
41:09 Rocketry
41:09 Conscription
40:19 Sappers
41:10 Conscription
40:20 Sappers
41:28 Iron Casting
41:08 Chain Mail Armor
40:58 Scale Barding Armor
40:53 Bracer
41:23 Ring Archer Armor
40:53 Bracer
41:23 Ring Archer Armor
42:56 Arrowslits
43:42 Architecture
43:03 Capped Ram
45:12 Chain Barding Armor
45:52 Blast Furnace
47:31 Plate Barding Armor
49:06 Plate Mail Armor
51:45 Gold Shaft Mining
Connection lost

Rejoining the realm…

Still unreachable

The connection could not be restored.

Session expired

The server has moved on; the page needs a fresh start.